Map: Romanticide LE

Players

milkicow

  • Race: Terran Terran
  • League: Grandmaster

SKillous - Winner!

  • Race: Protoss Protoss
  • League: Grandmaster

Event: DreamHack SC2 Masters 2021 Summer

VOD

Have the link to the VOD?

Description

Time

  • Played on: May 30, 2021, 12:07 p.m.
  • Length: 15:28

All games in this series

Show
View Real Time Build Order
Export as new Build Order

milkicow Terran 

Build Orders: Banshee Rush 

Get SALT Encoding   

  12  0:00  SCV  
  13  0:12  SCV  
  14  0:17  Supply Depot  
  14  0:24  SCV  
  15  0:38  SCV  
  15  0:40  Barracks  
  16  0:43  Refinery  
  16  0:50  SCV  
  17  1:03  SCV  
  18  1:15  SCV  
  19  1:28  Orbital Command  
  19  1:29  Marine  
  20  1:40  Command Center  
  20  1:47  Barracks Reactor  
  20  1:54  Supply Depot  
  20  1:57  SCV  
  21  2:07  Factory  
  21  2:09  SCV  
  22  2:17  Refinery  
  22  2:22  SCV  
  23  2:23  Marine  
  23  2:24  Marine  
  25  2:34  SCV  
  26  2:41  Marine x2  
  28  2:46  SCV  
  29  2:51  Orbital Command  
  29  2:54  Bunker  
  29  2:58  Orbital Command, SCV  
  30  3:04  Starport  
  30  3:10  SCV  
  30  3:11  Hellion  
  33  3:16  Marine  
  33  3:18  Marine  
  35  3:22  SCV  
  35  3:26  SCV  
  37  3:32  Hellion  
  39  3:34  SCV  
  39  3:35  Supply Depot  
  39  3:36  Marine x2  
  39  3:38  SCV  
  43  3:42  Starport Tech Lab  
  43  3:46  SCV  
  44  3:50  SCV  
  45  3:56  Supply Depot  
  45  3:57  Hellion  
  45  3:58  SCV  
  45  4:00  Banshee, Cloaking Field  
  51  4:05  Marine x2  
  51  4:07  SCV  
  54  4:17  SCV  
  54  4:19  SCV, Supply Depot  
  56  4:27  Marine  
  56  4:29  SCV  
  58  4:31  SCV  
  58  4:35  Marine  
  58  4:41  SCV  
  58  4:43  Banshee, SCV  
  58  4:45  Fusion Core  
  59  4:49  Supply Depot  
  59  4:54  SCV  
  59  4:55  Factory Tech Lab  
  59  4:56  SCV  
  59  4:59  Marine x2  
  60  5:06  SCV  
  60  5:08  SCV  
  60  5:12  Command Center  
  61  5:14  Supply Depot  
  61  5:16  Siege Tank  
  61  5:17  Marine  
  61  5:18  SCV  
  61  5:20  SCV  
  67  5:30  SCV  
  67  5:32  SCV, Marine, Battlecruiser  
  67  5:35  Refinery  
  76  5:36  Supply Depot  
  76  5:38  Marine  
  76  5:39  Bunker  
  76  5:42  SCV  
  78  5:44  SCV  
  76  5:50  Marine  
  76  5:54  SCV  
  76  5:56  SCV, Marine  
  70  5:57  Supply Depot  
  70  6:00  Refinery  
  69  6:05  Barracks x2  
  69  6:06  SCV  
  69  6:08  Marine  
  69  6:09  SCV  
  69  6:12  Engineering Bay  
  69  6:13  Engineering Bay  
  69  6:14  Marine  
  70  6:18  SCV  
  70  6:21  SCV  
  72  6:25  Marine  
  72  6:29  Orbital Command, Barracks  
  72  6:30  SCV, Barracks  
  74  6:33  SCV  
  74  6:38  Marine  
  76  6:42  SCV  
  76  6:45  SCV, Marine  
  79  6:52  Terran Infantry Armor Level 1, Terran Infantry Weapons Level 1  
  79  6:54  Barracks Tech Lab  
  79  6:55  SCV, Barracks Tech Lab  
  79  6:56  SCV  
  79  6:57  SCV, Supply Depot  
  79  6:59  Supply Depot  
  82  7:03  Marine  
  82  7:07  SCV  
  82  7:08  SCV  
  85  7:09  SCV  
  85  7:12  Factory Reactor, Stimpack  
  85  7:13  Combat Shield  
  85  7:14  Marauder x2  
  89  7:17  Refinery x2, Supply Depot  
  89  7:18  Marine  
  89  7:19  SCV, Supply Depot  
  89  7:20  Barracks Tech Lab  
  91  7:24  Marine  
  91  7:29  SCV x2  
  94  7:32  Barracks Reactor  
  94  7:34  Missile Turret  
  94  7:36  Marauder, Missile Turret  
  96  7:37  Marauder, Marine  
  96  7:38  SCV  
  96  7:43  Starport  
  100  7:45  SCV x2  
  100  7:50  Widow Mine x2  
  107  7:54  Armory, Marine x2  
  109  8:04  Marine  
  107  8:07  SCV x2  
  107  8:09  Marine  
  107  8:10  Marauder, Marine  
  107  8:11  Marauder  
  115  8:13  Command Center  
  115  8:16  Marauder, Marine  
  118  8:20  SCV  
  118  8:22  Marine  
  118  8:24  Supply Depot  
  118  8:25  Factory Reactor  
  120  8:27  Ghost Academy  
  120  8:28  SCV x2  
  120  8:30  Bunker  
  120  8:31  Marauder, Medivac x2  
  120  8:34  Supply Depot  
  128  8:38  Marine  
  128  8:39  SCV, Marauder, Marine  
  128  8:40  Marauder  
  135  8:44  Marine  
  135  8:45  SCV  
  137  8:49  SCV  
  137  8:50  Marine  
  137  8:52  Marauder  
  141  8:57  Missile Turret  
  141  9:00  Terran Infantry Weapons Level 2, Terran Infantry Armor Level 2, Marauder, Marine  
  141  9:01  Marauder  
  141  9:02  Terran Vehicle And Ship Armor Level 1, Medivac x2  
  148  9:06  Supply Depot  
  150  9:10  Marine, Supply Depot  
  150  9:12  Enhanced Shockwaves  
  150  9:14  Marauder  
  153  9:20  Widow Mine x2  
  153  9:21  Ghost  
  160  9:24  SCV x3  
  160  9:27  Ghost  
  164  9:34  Medivac x2  
  168  9:39  SCV  
  168  9:40  SCV x2  
  168  9:41  Widow Mine, Supply Depot  
  168  9:45  Barracks  
  173  9:46  Barracks  
  173  9:50  Ghost  
  173  9:51  Widow Mine  
  177  9:54  Planetary Fortress  
  177  9:58  Marine  
  177  9:59  SCV  
  180  10:00  SCV  
  180  10:02  Widow Mine  
  179  10:11  Marauder  
  179  10:12  Marauder, Marine  
  179  10:13  SCV  
  179  10:15  SCV  
  179  10:18  Marine  
  179  10:20  Marauder  
  183  10:23  Marine x2  
  183  10:24  Widow Mine, Medivac  
  183  10:25  Widow Mine, Medivac  
  187  10:29  Marine  
  187  10:30  Command Center  
  187  10:31  Missile Turret  
  187  10:32  Marauder  
  187  10:33  Marauder, Missile Turret  
  192  10:40  Ghost  
  194  10:44  Marine x2  
  194  10:45  Barracks Tech Lab x2  
  194  10:46  SCV  
  194  10:49  Refinery  
  197  10:50  Command Center  
  197  10:53  Widow Mine  
  199  10:57  Missile Turret  
  199  10:58  Sensor Tower, Terran Ship Weapons Level 1  
  199  10:59  Personal Cloaking  
  199  11:11  Refinery  
  199  11:22  Terran Infantry Weapons Level 3, Terran Infantry Armor Level 3  
  199  11:31  Marine  
  198  11:41  Ghost  
  198  11:42  Marauder x2, Marine  
  198  11:44  Marauder x2, Marine  
  198  11:45  SCV, Marine  
  198  11:47  Widow Mine x2  
  186  11:48  Marine  
  176  11:59  Marine  
  173  12:02  Marine x2  
  173  12:04  Marauder x2  
  173  12:05  Marauder  
  173  12:06  SCV, Marauder, Marine  
  179  12:10  Marauder  
  179  12:14  SCV  
  175  12:17  Marine  
  175  12:19  Marine  
  175  12:20  Marine  
  168  12:24  Marine x2  
  168  12:25  Marauder  
  168  12:27  Marauder, Marine  
  153  12:32  Marauder  
  153  12:35  Marine  
  140  12:37  Marine  
  140  12:38  SCV, Marine  
  140  12:41  Orbital Command  
  140  12:42  Marine  
  140  12:43  Marauder  
  133  12:45  Marauder  
  133  12:46  Marauder  
  133  12:48  Marine  
  133  12:50  SCV  
  133  12:51  SCV, Planetary Fortress  
  123  12:53  SCV, Marauder, Marine  
  123  12:55  Marine  
  123  12:56  Marine  
  128  12:59  Factory  
  128  13:00  Marine  
  128  13:03  SCV x2  
  128  13:04  Marauder  
  128  13:05  SCV  
  134  13:06  SCV, Marauder, Marine  
  138  13:13  SCV, Ghost  
  138  13:14  Marine x2  
  138  13:15  SCV x2, Marauder  
  138  13:17  SCV, Marine  
  138  13:18  SCV  
  150  13:20  Marine  
  150  13:23  Ghost  
  150  13:26  Marauder  
  157  13:27  SCV x2, Marine, Orbital Command  
  157  13:29  SCV  
  157  13:31  SCV  
  157  13:33  SCV  
  161  13:35  Refinery, Ghost  
  161  13:36  Refinery, Sensor Tower  
  161  13:37  Bunker  
  161  13:39  Refinery, SCV x2, Missile Turret  
  161  13:40  Refinery, Sensor Tower  
  161  13:41  SCV, Missile Turret  
  165  13:42  Ghost  
  165  13:47  Starport  
  167  13:50  Factory Reactor  
  167  13:51  SCV  
  167  13:52  SCV x2  
  170  13:55  SCV  
  170  13:56  SCV x2  
  170  14:01  Marauder, Marine  
  176  14:03  SCV  
  176  14:07  Marauder, Marine x2  
  176  14:08  Marauder  
  183  14:12  Starport  
  164  14:18  Marauder  
  164  14:20  Marine x2  
  164  14:21  SCV, Marauder  
  164  14:23  Marauder  
  165  14:25  Marine x2  
  165  14:28  Marauder  
  165  14:29  Marauder  
  170  14:38  Marine x2  
  163  14:39  Marauder  
  163  14:42  SCV, Marauder  
  163  14:43  Marine x2  
  163  14:44  Marauder  
  170  14:47  Supply Depot  
  170  14:49  Medivac  
  170  14:51  Marauder  
  170  14:52  Marauder  
  169  14:53  Medivac  
  169  14:56  Marine x2  
  169  14:57  SCV  
  168  15:01  Marauder, Marine x2  
  168  15:04  Marauder  
  160  15:08  SCV  
  159  15:15  Supply Depot  
Show
View Real Time Build Order
Export as new Build Order

SKillous Protoss - Winner!

Build Orders: 1 Gate Expand, Phoenix Opening, Zealot Archon 

Get SALT Encoding   

  12  0:00  Probe  
  13  0:12  Probe  
  14  0:17  Pylon  
  14  0:24  Probe (Chrono Boost)  
  15  0:36  Probe (Chrono Boost)  
  15  0:37  Gateway  
  16  0:44  Probe (Chrono Boost)  
  16  0:49  Assimilator  
  17  0:51  Probe  
  18  1:03  Probe  
  19  1:15  Probe  
  20  1:24  Cybernetics Core  
  22  1:34  Nexus  
  20  1:41  Pylon  
  20  1:43  Probe  
  21  1:50  Assimilator  
  21  1:55  Probe (Chrono Boost)  
  21  1:57  Adept (Chrono Boost)  
  24  2:07  Probe (Chrono Boost)  
  26  2:16  Probe (Chrono Boost)  
  26  2:20  Stargate  
  26  2:23  Probe, Adept  
  29  2:34  Warp Gate  
  29  2:36  Probe (Chrono Boost)  
  30  2:46  Probe (Chrono Boost)  
  32  2:53  Adept  
  32  2:54  Probe (Chrono Boost)  
  32  2:56  Probe (Chrono Boost)  
  35  3:00  Probe (Chrono Boost)  
  35  3:01  Probe (Chrono Boost)  
  35  3:04  Phoenix (Chrono Boost)  
  39  3:11  Pylon  
  39  3:12  Probe  
  40  3:13  Probe  
  41  3:20  Gateway  
  41  3:22  Phoenix (Chrono Boost)  
  41  3:24  Probe  
  44  3:29  Probe  
  45  3:36  Probe  
  46  3:41  Probe  
  46  3:44  Phoenix  
  49  3:48  Probe  
  49  3:54  Nexus  
  50  3:56  Probe  
  50  4:00  Pylon  
  50  4:02  Probe  
  52  4:08  Probe  
  53  4:12  Pylon  
  53  4:17  Phoenix (Chrono Boost)  
  53  4:18  Probe  
  53  4:19  Assimilator  
  53  4:21  Probe  
  52  4:33  Phoenix (Chrono Boost)  
  52  4:34  Probe (Chrono Boost)  
  52  4:40  Probe (Chrono Boost)  
  52  4:43  Probe (Chrono Boost)  
  53  4:47  Probe (Chrono Boost)  
  53  4:48  Probe (Chrono Boost)  
  55  4:54  Twilight Council  
  55  4:59  Probe (Chrono Boost)  
  56  5:00  Probe (Chrono Boost)  
  56  5:01  Shield Battery  
  56  5:03  Shield Battery  
  58  5:11  Probe (Chrono Boost)  
  58  5:12  Probe (Chrono Boost)  
  58  5:13  Shield Battery  
  58  5:16  Probe (Chrono Boost), Adept  
  58  5:17  Adept  
  58  5:18  Probe (Chrono Boost)  
  63  5:21  Oracle (Chrono Boost)  
  63  5:26  Probe  
  67  5:29  Probe, Charge (Chrono Boost)  
  68  5:36  Adept  
  68  5:37  Adept  
  68  5:39  Probe x2  
  74  5:52  Probe (Chrono Boost)  
  75  6:00  Gateway  
  75  6:01  Probe (Chrono Boost), Gateway  
  75  6:02  Probe (Chrono Boost)  
  75  6:03  Gateway  
  75  6:04  Probe (Chrono Boost)  
  76  6:06  Phoenix  
  76  6:09  Adept x2  
  84  6:14  Probe (Chrono Boost)  
  84  6:15  Probe x2 (Chrono Boost), Pylon  
  84  6:18  Pylon  
  85  6:26  Assimilator  
  85  6:28  Robotics Facility  
  85  6:29  Pylon  
  85  6:33  Probe x2  
  85  6:37  Nexus  
  85  6:39  Void Ray  
  89  6:50  Probe x2  
  89  6:51  Probe  
  90  6:54  Assimilator  
  90  6:56  Assimilator  
  90  6:58  Templar Archives  
  90  7:06  Probe (Chrono Boost)  
  90  7:07  Probe (Chrono Boost)  
  87  7:11  Probe (Chrono Boost), Gateway  
  87  7:14  Gateway  
  87  7:15  Probe (Chrono Boost), Gateway  
  81  7:17  Observer (Chrono Boost), Probe (Chrono Boost)  
  81  7:18  Probe (Chrono Boost)  
  81  7:19  Stalker x2  
  81  7:21  Stalker  
  89  7:31  Pylon  
  89  7:34  Warp Prism  
  89  7:36  Probe (Chrono Boost), High Templar x2  
  96  7:40  Gateway  
  96  7:41  Probe (Chrono Boost)  
  96  7:42  Probe (Chrono Boost)  
  98  7:46  Gateway  
  98  7:47  Archon  
  98  7:48  Pylon  
  100  7:52  Probe (Chrono Boost)  
  100  7:53  Probe (Chrono Boost)  
  100  7:54  Probe (Chrono Boost)  
  100  7:55  Probe (Chrono Boost), Shield Battery  
  100  7:57  High Templar x2  
  106  8:00  Sentry  
  106  8:01  Archon  
  106  8:03  Probe (Chrono Boost)  
  106  8:05  Probe x2 (Chrono Boost), Psionic Storm  
  112  8:09  Probe (Chrono Boost)  
  112  8:10  Probe (Chrono Boost)  
  113  8:16  Gateway  
  113  8:18  Probe (Chrono Boost), Gateway, Forge  
  113  8:19  Probe (Chrono Boost)  
  115  8:22  Forge  
  115  8:23  Pylon  
  115  8:30  High Templar x2, Zealot x5  
  115  8:32  Pylon  
  129  8:34  Archon  
  129  8:37  Probe  
  129  8:43  Probe  
  126  8:49  Protoss Ground Armor Level 1 (Chrono Boost)  
  126  8:54  Blink  
  124  8:58  Protoss Ground Weapons Level 1 (Chrono Boost)  
  124  9:05  High Templar, Zealot x2  
  124  9:06  Zealot x7  
  124  9:08  Nexus  
  124  9:09  Pylon  
  144  9:10  Probe  
  145  9:17  High Templar  
  145  9:20  High Templar  
  145  9:23  Pylon  
  149  9:32  Photon Cannon  
  149  9:33  Gateway  
  149  9:37  Gateway, High Templar  
  149  9:38  Photon Cannon, High Templar, Pylon, Zealot x5  
  153  9:41  Pylon  
  153  9:43  Pylon  
  163  9:47  Zealot x2  
  163  9:48  Zealot  
  161  10:07  Archon  
  161  10:12  Stalker x9  
  161  10:13  Stalker x2  
  156  10:24  Probe  
  156  10:26  Probe  
  158  10:30  Zealot x2  
  162  10:38  High Templar  
  162  10:39  Zealot x9  
  182  10:43  Archon  
  182  10:49  Probe x2, Protoss Ground Armor Level 2 (Chrono Boost)  
  184  10:51  Protoss Ground Weapons Level 2 (Chrono Boost), Assimilator  
  184  10:54  Photon Cannon, Assimilator  
  184  10:56  Shield Battery  
  184  10:58  Photon Cannon  
  184  11:00  Photon Cannon  
  184  11:01  Shield Battery  
  184  11:02  Robotics Facility  
  184  11:03  Robotics Bay  
  184  11:13  Photon Cannon  
  184  11:26  High Templar x2  
  184  11:28  Zealot x6  
  200  11:38  Observer  
  196  11:41  Archon  
  178  11:48  Zealot x11  
  178  11:49  Zealot  
  186  12:05  Zealot x2  
  186  12:06  Colossus x2  
  194  12:08  Zealot  
  194  12:09  Zealot x5  
  198  12:17  Zealot  
  178  12:23  Zealot x5  
  178  12:27  Zealot x2  
  180  12:30  Zealot x5  
  161  12:44  Zealot x8  
  143  12:52  Zealot x8  
  143  12:55  High Templar x5  
  143  12:57  High Templar  
  171  12:59  Archon x2  
  171  13:00  Colossus x2 (Chrono Boost)  
  171  13:05  Extended Thermal Lance  
  175  13:22  Nexus  
  175  13:23  Zealot  
  175  13:24  Pylon  
  175  13:25  Dark Shrine  
  177  13:29  Zealot x4  
  185  13:49  Warp Prism  
  185  13:52  Zealot x7  
  179  14:21  Zealot x11  
  179  14:22  Zealot x3  
  191  14:42  Zealot x6  
  191  15:08  Archon  
  191  15:10  Stalker x3  
  191  15:11  Stalker x2  
  191  15:13  Stalker  
Tags
 
Add a new tag
Caveats
  • Supply blocks, unpowered buildings, or Contaminate may cause inaccurate times.
  • Supply counts are checked every 10 seconds.